 Dungeon Crawl Stone Soup version 0.21-a0-513-gdcb3f5e (webtiles) character file.

8115 theanonym the Martial Artist (level 11, -1/99 HPs)
             Began as a Gnoll Transmuter on Dec 1, 2017.
             Was a Priest of Cheibriados.
             Slain by a komodo dragon (25 damage)
             ... on level 1 of the Lair of Beasts.
             The game lasted 00:24:01 (11214 turns).

theanonym the Martial Artist (Gnoll Transmuter)    Turns: 11214, Time: 00:24:01

Health: -1/99      AC:  7    Str: 21    XL:     11   Next: 25%
Magic:  8/22       EV: 20    Int: 27    God:    Cheibriados [***...]
Gold:   495        SH:  0    Dex: 23    Spells: 10/25 levels left

rFire    x . .     SeeInvis +     - Unarmed
rCold    + + +     Gourm    .   (shield currently unavailable)
rNeg     . . .     Faith    .   (armour currently unavailable)
rPois    +         Spirit   .   (helmet currently unavailable)
rElec    .         Reflect  .   (cloak currently unavailable)
rCorr    .         Harm     .   (gloves currently unavailable)
MR       .....                  (boots currently unavailable)
Stlth    ++++......             (no amulet)
HPRegen  0.26/turn              n - ring of see invisible {sInv}
MPRegen  0.18/turn              z - +4 ring of evasion

@: ice-form, very slightly contaminated, very slow
A: large, distributed training, strong nose
a: End Transformation, Bend Time, Temporal Distortion, Renounce Religion


Innate Abilities, Weirdness & Mutations

Your experience applies equally to all skills.
((You have very sharp teeth.))
Your uncanny sense of smell can sniff out nearby items.


   Skills:
 + Level 6.6 Fighting
 + Level 6.0 Short Blades
 + Level 6.0 Long Blades
 + Level 6.0 Axes
 + Level 6.0 Maces & Flails
 + Level 6.0 Polearms
 + Level 6.0 Staves
 + Level 6.0 Slings
 + Level 6.0 Bows
 + Level 6.0 Crossbows
 + Level 6.0 Throwing
 + Level 6.0 Armour
 + Level 7.6 Dodging
 + Level 6.0 Stealth
 + Level 6.0 Shields
 + Level 9.0 Unarmed Combat
 + Level 7.9 Spellcasting
 + Level 5.0 Conjurations
 + Level 5.0 Hexes
 + Level 5.0 Charms
 + Level 5.0 Summonings
 + Level 5.0 Necromancy
 + Level 5.0 Translocations
 + Level 6.3 Transmutations
 + Level 5.0 Fire Magic
 + Level 5.0 Ice Magic
 + Level 5.0 Air Magic
 + Level 5.0 Earth Magic
 + Level 5.0 Poison Magic
 + Level 6.6 Invocations
 + Level 6.0 Evocations


You had 10 spell levels left.
You knew the following spells:

 Your Spells              Type           Power        Failure   Level  Hunger
a - Beastly Appendage     Tmut           #####.       1%          1    None
b - Sticks to Snakes      Tmut           #####...     1%          2    None
c - Spider Form           Tmut/Pois      #####.....   1%          3    None
d - Ice Form              Ice/Tmut       #####...     4%          4    ##.....
e - Blade Hands           Tmut           #####.....   11%         5    ####...

Skill      XL: |  1  2  3  4  5  6  7  8  9 10 11 |
---------------+----------------------------------+-----
Spellcasting   | 5 6 7 |  7.9
Invocations    | 1 2 3 4 5 6 |  6.6
Short Blades   | 1 2 3 4 5 6 |  6.0
Long Blades    | 1 2 3 4 5 6 |  6.0
Axes           | 1 2 3 4 5 6 |  6.0
Maces & Flails | 1 2 3 4 5 6 |  6.0
Polearms       | 1 2 3 4 5 6 |  6.0
Staves         | 1 2 3 4 5 6 |  6.0
Slings         | 1 2 3 4 5 6 |  6.0
Bows           | 1 2 3 4 5 6 |  6.0
Crossbows      | 1 2 3 4 5 6 |  6.0
Throwing       | 1 2 3 4 5 6 |  6.0
Armour         | 1 2 3 4 5 6 |  6.0
Stealth        | 1 2 3 4 5 6 |  6.0
Shields        | 1 2 3 4 5 6 |  6.0
Evocations     | 1 2 3 4 5 6 |  6.0
Conjurations   | 1 2 3 4 5 |  5.0
Hexes          | 1 2 3 4 5 |  5.0
Charms         | 1 2 3 4 5 |  5.0
Summonings     | 1 2 3 4 5 |  5.0
Necromancy     | 1 2 3 4 5 |  5.0
Translocations | 1 2 3 4 5 |  5.0
Fire Magic     | 1 2 3 4 5 |  5.0
Ice Magic      | 1 2 3 4 5 |  5.0
Air Magic      | 1 2 3 4 5 |  5.0
Earth Magic    | 1 2 3 4 5 |  5.0
Poison Magic   | 1 2 3 4 5 |  5.0
Fighting       | 3 4 5 6 |  6.6
Transmutations | 4 5 6 |  6.3
Dodging        | 5 6 7 |  7.6
Unarmed Combat | 7 8 9 |  9.0

Action                   |  1- 3 |  4- 6 |  7- 9 | 10-12 || total
-------------------------+-------+-------+-------+-------++-------
Melee: Unarmed           |    99 |   146 |   299 |   137 ||   681
       Bite              |     5 |     8 |    16 |     2 ||    31
       Punch             |     4 |     2 |     5 |       ||    11
       Kick              |     1 |     1 |       |       ||     2
       Headbutt          |     1 |     5 |     5 |       ||    11
 Cast: Beastly Appendage |     5 |     5 |     4 |       ||    14
       Sticks to Snakes  |     4 |       |     4 |     2 ||    10
       Spider Form       |       |     7 |    22 |     7 ||    36
       Ice Form          |       |     2 |     3 |     6 ||    11
       Blade Hands       |       |       |     1 |       ||     1
Invok: Slouch            |       |       |       |     2 ||     2
       Bend Time         |       |       |       |     2 ||     2
  Use: Scroll            |       |     3 |    11 |     5 ||    19
       Potion            |       |     1 |       |     5 ||     6
 Stab: Sleeping          |     1 |     6 |     9 |     3 ||    19
       Distracted        |       |       |     1 |       ||     1
       Fleeing           |       |       |       |     1 ||     1
  Eat: Chunk             |     2 |     6 |    11 |     2 ||    21
       Fruit             |       |     4 |       |     2 ||     6
Armor: Robe              |    16 |     6 |    10 |     1 ||    33
       Skin              |       |    12 |    11 |     9 ||    32
       Ring mail         |       |       |     2 |       ||     2
Dodge: Dodged            |    91 |   134 |   305 |   210 ||   740

Inventory:

Missiles
 a - 226 arrows
 s - 38 bolts
 y - 3 tomahawks (quivered)
 G - 3 exploding tomahawks
Armour
 g - a +0 robe of fire resistance (melded)
   (You found it on level 2 of the Dungeon)
 w - a +0 pair of boots (melded)
   (You found it on level 5 of the Dungeon)
 A - a +0 plate armour
   (You took it off an orc warrior on level 7 of the Dungeon)
 B - a +0 leather armour
   (You found it on level 6 of the Dungeon)
 C - a +0 ring mail
   (You took it off an orc priest on level 6 of the Dungeon)
 D - a +0 scale mail
   (You took it off an orc on level 3 of the Dungeon)
 F - a +2 pair of gloves of strength (melded)
   (You found it on level 8 of the Dungeon)
Jewellery
 e - an uncursed ring of protection from cold {rC+}
   (You found it on level 1 of the Dungeon)
 n - a ring of see invisible (left front paw) {sInv}
   (You found it on level 1 of the Dungeon)
 u - an uncursed ring of flight {+Fly}
   (You found it on level 4 of the Dungeon)
 x - an uncursed amulet of guardian spirit {Spirit}
   (You found it on level 5 of the Dungeon)
 z - a +4 ring of evasion (right front paw)
   (You found it on level 5 of the Dungeon)
Wands
 h - a wand of iceblast (7)
   (You found it on level 7 of the Dungeon)
 v - a wand of acid (8)
   (You found it on level 6 of the Dungeon)
 J - a wand of disintegration (12)
   (You found it on level 9 of the Dungeon)
Scrolls
 b - a scroll of blinking
 c - 3 scrolls of enchant weapon
 j - a scroll of fear {!r}
 m - 4 scrolls of amnesia
 o - 3 scrolls of remove curse
 t - 2 scrolls of teleportation {!r}
Potions
 i - 2 potions of flight
 l - 2 potions of lignification
 E - a potion of mutation
Books
 p - a book of Air
   (You found it on level 9 of the Dungeon)

   Spells                             Type                      Level
   a - Shock                          Conjuration/Air              1
   b - Swiftness                      Charms/Air                   2
   c - Static Discharge               Conjuration/Air              3
   d - Airstrike                      Air                          4
   e - Lightning Bolt                 Conjuration/Air              5
Comestibles
 d - 4 bread rations
 f - 3 royal jellies
 k - 9 meat rations

Dungeon Overview and Level Annotations

Branches:
Dungeon (9/15)             Temple (1/1) D:4            Lair (1/6) D:9
    Orc: D:9-12

Altars:
Ashenzari
Cheibriados
Dithmenos
Elyvilon
Fedhas
Gozag
Hepliaklqana
Kikubaaqudgha
Makhleb
Nemelex Xobeh
Okawaru
Qazlal
Ru
Sif Muna
Trog
Uskayaw
Vehumet
Wu Jian
Xom
Yredelemnul
Zin
The Shining One

Shops:
D:9 %

Annotations:
D:9 exclusions: orc and orc warrior


You were on level 1 of the Lair of Beasts.
You worshipped Cheibriados.
Cheibriados was most pleased with you.
You were hungry.
You were a creature of crystalline ice.
You visited 3 branches of the dungeon, and saw 11 of its levels.

You collected 495 gold pieces.


Message History

You hear a bellow! x3
The yak gores you.
You hear a bellow!
You take 5 damage, and have 77/99 hp.
You pummel the yak!! You freeze the yak.
You kill the yak!
Cheibriados appreciates the change of pace.
You punch the yak! You freeze the yak.
You hear a bellow!
You punch the yak! You freeze the yak. The yak gores you!
You take 10 damage, and have 67/99 hp.
You squash the yak like an ant!!!
You freeze the yak.
You kill the yak!
Cheibriados thoroughly appreciates the change of pace.
The yak bellows!
You hit the yak. You freeze the yak.
You hear an angry hiss.
The yak closely misses you.
You hit the yak. You freeze the yak. The yak gores you.
The yak closely misses you.
You take 4 damage, and have 64/99 hp.
You punch the yak! You freeze the yak. The yak misses you.
The yak closely misses you.
You punch the yak! You freeze the yak.
You kill the yak!
Cheibriados appreciates the change of pace.
Your Unarmed Combat skill increases to level 9!
The yak barely misses you.
You hit the yak. You freeze the yak. The yak gores you!
You take 9 damage, and have 55/99 hp.
You barely miss the yak. The yak closely misses you. The yak gores you!
* * * LOW HITPOINT WARNING * * *
You take 12 damage, and have 43/99 hp.
You can feel time thicken for a moment.
You are feeling hungry.
You can no longer inflict damage on those overly hasty.
Cheibriados lowers the support of your attributes as your movement quickens.
The yak gores you but does no damage. The yak barely misses you.
You now have 12/22 mp.
You pummel the yak!! You freeze the yak!
You kill the yak!
Cheibriados thoroughly appreciates the change of pace.
Your Short Blades skill increases to level 6!
Your Long Blades skill increases to level 6!
Your Axes skill increases to level 6!
Your Maces & Flails skill increases to level 6!
Your Polearms skill increases to level 6!
Your Staves skill increases to level 6!
Your Slings skill increases to level 6!
Your Bows skill increases to level 6!
Your Crossbows skill increases to level 6!
Your Throwing skill increases to level 6!
Your Armour skill increases to level 6!
Your Stealth skill increases to level 6!
Your Shields skill increases to level 6!
Your Evocations skill increases to level 6!
The yak completely misses you. The yak gores you!
* * * LOW HITPOINT WARNING * * *
A komodo dragon comes into view.
You take 7 damage, and have 36/99 hp.
The flow of time bends around you.
Cheibriados rebukes the yak.
The yak seems to slow down.
Cheibriados rebukes the yak.
The yak seems to slow down.
Cheibriados rebukes the yak.
The yak seems to slow down.
* * * LOW MAGIC WARNING * * *
You feel slightly more hungry. The yak barely misses you.
The yak closely misses you.
You now have 10/22 mp.
You pummel the yak!! You freeze the yak.
You kill the yak!
Cheibriados appreciates the change of pace.
The yak completely misses you.
You hit the yak but do no damage. The yak completely misses you.
You punch the yak! You freeze the yak.
You kill the yak!
Your Conjurations skill increases to level 5!
Your Hexes skill increases to level 5!
Your Charms skill increases to level 5!
Your Summonings skill increases to level 5!
Your Necromancy skill increases to level 5!
Your Translocations skill increases to level 5!
Your Fire Magic skill increases to level 5!
Your Ice Magic skill increases to level 5!
Your Air Magic skill increases to level 5!
Your Earth Magic skill increases to level 5!
Your Poison Magic skill increases to level 5!
The yak barely misses you. The flow of time bends around you.
The yak resists with some effort.
The komodo dragon resists with some effort.
* * * LOW MAGIC WARNING * * *
You feel slightly more hungry. The komodo dragon bites you!
* * * LOW HITPOINT WARNING * * *
You take 8 damage, and have 29/99 hp.
You now have 7/22 mp.
You punch the yak! You freeze the yak. The komodo dragon misses you.
The yak gores you.
* * * LOW HITPOINT WARNING * * *
You take 5 damage, and have 24/99 hp.
You hit the yak but do no damage. The komodo dragon bites you!!
You die...

.............................
......................
......................
...............Y...... .....
...................... .....
.............Y........ ....
..............######## #..
..............#### #..
..............##Y###### #P#..
...............Yl†...... .....
........................ .....
........................ .....
P#####....############.# ....#
## ##...## # #...# ##....# ###
####...#
.##.#...#####P###########.#P...#
................................


You could see a komodo dragon and a yak.

Notes
Turn   | Place    | Note
-------+----------+-------------------------------------------
     0 | D:1      | theanonym the Gnoll Transmuter began the quest for the Orb.
     0 | D:1      | Reached XP level 1. HP: 17/17 MP: 6/6
   347 | D:1      | You fall through a shaft!
   363 | D:1      | Reached XP level 2. HP: 13/23 MP: 7/7
   641 | D:2      | Learned a level 2 spell: Sticks to Snakes
   671 | D:2      | HP: 9/23 [adder (3)]
   672 | D:2      | Reached skill level 5 in Spellcasting
   672 | D:2      | Reached XP level 3. HP: 11/28 MP: 5/9
   676 | D:2      | HP: 8/28 [poisoned by an adder]
   681 | D:2      | HP: 7/28 [poisoned by an adder]
   688 | D:2      | HP: 5/28 [poisoned by an adder]
   696 | D:2      | HP: 4/28 [poisoned by an adder]
   978 | D:2      | Found a basalt altar of Yredelemnul.
  1015 | D:2      | HP: 12/28 [hobgoblin/club (6)]
  1248 | D:2      | Reached skill level 1 in Invocations
  1431 | D:2      | Found a blossoming altar of Fedhas.
  1635 | D:3      | Reached skill level 1 in Short Blades
  1635 | D:3      | Reached skill level 1 in Long Blades
  1635 | D:3      | Reached skill level 1 in Axes
  1635 | D:3      | Reached skill level 1 in Maces & Flails
  1635 | D:3      | Reached skill level 1 in Polearms
  1635 | D:3      | Reached skill level 1 in Staves
  1635 | D:3      | Reached skill level 1 in Slings
  1635 | D:3      | Reached skill level 1 in Bows
  1635 | D:3      | Reached skill level 1 in Crossbows
  1635 | D:3      | Reached skill level 1 in Throwing
  1635 | D:3      | Reached skill level 1 in Armour
  1635 | D:3      | Reached skill level 1 in Stealth
  1635 | D:3      | Reached skill level 1 in Shields
  1635 | D:3      | Reached skill level 1 in Evocations
  1646 | D:3      | Reached XP level 4. HP: 27/34 MP: 11/11
  1655 | D:3      | HP: 16/34 [adder (3)]
  1660 | D:3      | HP: 9/34 [poisoned by an adder]
  1665 | D:3      | HP: 6/34 [poisoned by an adder]
  1672 | D:3      | HP: 4/34 [poisoned by an adder]
  1679 | D:3      | HP: 3/34 [poisoned by an adder]
  1687 | D:3      | HP: 2/34 [poisoned by an adder]
  2022 | D:3      | Learned a level 3 spell: Spider Form
  2135 | D:3      | Reached skill level 1 in Conjurations
  2135 | D:3      | Reached skill level 1 in Hexes
  2135 | D:3      | Reached skill level 1 in Charms
  2135 | D:3      | Reached skill level 1 in Summonings
  2135 | D:3      | Reached skill level 1 in Necromancy
  2135 | D:3      | Reached skill level 1 in Translocations
  2135 | D:3      | Reached skill level 1 in Fire Magic
  2135 | D:3      | Reached skill level 1 in Ice Magic
  2135 | D:3      | Reached skill level 1 in Air Magic
  2135 | D:3      | Reached skill level 1 in Earth Magic
  2135 | D:3      | Reached skill level 1 in Poison Magic
  2153 | D:3      | Learned a level 4 spell: Ice Form
  2212 | D:3      | Reached XP level 5. HP: 34/40 MP: 8/12
  2711 | D:4      | Reached skill level 3 in Fighting
  2849 | D:4      | Reached skill level 4 in Transmutations
  2937 | D:4      | Noticed Fingolfin's ghost (amateur DESu)
  2943 | D:4      | Killed Fingolfin's ghost
  2943 | D:4      | Reached skill level 2 in Invocations
  2943 | D:4      | Reached XP level 6. HP: 47/47 MP: 0/13
  3334 | D:4      | Found a staircase to the Ecumenical Temple.
  3341 | Temple   | Entered the Ecumenical Temple
  3562 | Temple   | Became a worshipper of Cheibriados the Contemplative
  3616 | D:4      | HP: 23/47 [poisoned by a worker ant]
  3619 | D:4      | HP: 4/47 [worker ant (8)]
  3625 | D:4      | HP: 20/47 [poisoned by a worker ant]
  3631 | D:4      | HP: 18/47 [poisoned by a worker ant]
  3636 | D:4      | HP: 17/47 [poisoned by a worker ant]
  3644 | D:4      | HP: 16/47 [poisoned by a worker ant]
  3861 | D:4      | Learned a level 5 spell: Blade Hands
  4038 | D:5      | Entered Level 5 of the Dungeon
  4117 | D:4      | HP: 22/47 [hound (5)]
  4118 | D:4      | Reached skill level 2 in Short Blades
  4118 | D:4      | Reached skill level 2 in Long Blades
  4118 | D:4      | Reached skill level 2 in Axes
  4118 | D:4      | Reached skill level 2 in Maces & Flails
  4118 | D:4      | Reached skill level 2 in Polearms
  4118 | D:4      | Reached skill level 2 in Staves
  4118 | D:4      | Reached skill level 2 in Slings
  4118 | D:4      | Reached skill level 2 in Bows
  4118 | D:4      | Reached skill level 2 in Crossbows
  4118 | D:4      | Reached skill level 2 in Throwing
  4118 | D:4      | Reached skill level 2 in Armour
  4118 | D:4      | Reached skill level 5 in Dodging
  4118 | D:4      | Reached skill level 2 in Stealth
  4118 | D:4      | Reached skill level 2 in Shields
  4118 | D:4      | Reached skill level 2 in Evocations
  4415 | D:5      | Reached XP level 7. HP: 33/52 MP: 2/15
  4541 | D:5      | Reached skill level 7 in Unarmed Combat
  4777 | D:5      | Reached skill level 2 in Conjurations
  4777 | D:5      | Reached skill level 2 in Hexes
  4777 | D:5      | Reached skill level 2 in Charms
  4777 | D:5      | Reached skill level 2 in Summonings
  4777 | D:5      | Reached skill level 2 in Necromancy
  4777 | D:5      | Reached skill level 2 in Translocations
  4777 | D:5      | Reached skill level 2 in Fire Magic
  4777 | D:5      | Reached skill level 2 in Ice Magic
  4777 | D:5      | Reached skill level 2 in Air Magic
  4777 | D:5      | Reached skill level 2 in Earth Magic
  4777 | D:5      | Reached skill level 2 in Poison Magic
  5153 | D:6      | Reached skill level 3 in Invocations
  5277 | D:6      | Reached XP level 8. HP: 51/60 MP: 12/16
  5279 | D:6      | Reached * piety under Cheibriados
  5332 | D:6      | Reached skill level 4 in Fighting
  5332 | D:6      | Reached skill level 3 in Short Blades
  5332 | D:6      | Reached skill level 3 in Long Blades
  5332 | D:6      | Reached skill level 3 in Axes
  5332 | D:6      | Reached skill level 3 in Maces & Flails
  5332 | D:6      | Reached skill level 3 in Polearms
  5332 | D:6      | Reached skill level 3 in Staves
  5332 | D:6      | Reached skill level 3 in Slings
  5332 | D:6      | Reached skill level 3 in Bows
  5332 | D:6      | Reached skill level 3 in Crossbows
  5332 | D:6      | Reached skill level 3 in Throwing
  5332 | D:6      | Reached skill level 3 in Armour
  5332 | D:6      | Reached skill level 3 in Stealth
  5332 | D:6      | Reached skill level 3 in Shields
  5332 | D:6      | Reached skill level 3 in Evocations
  5341 | D:6      | Reached skill level 6 in Spellcasting
  5692 | D:6      | Found an iron altar of Okawaru.
  5925 | D:6      | Reached skill level 4 in Invocations
  5940 | D:6      | Reached skill level 3 in Conjurations
  5940 | D:6      | Reached skill level 3 in Hexes
  5940 | D:6      | Reached skill level 3 in Charms
  5940 | D:6      | Reached skill level 3 in Summonings
  5940 | D:6      | Reached skill level 3 in Necromancy
  5940 | D:6      | Reached skill level 3 in Translocations
  5940 | D:6      | Reached skill level 3 in Fire Magic
  5940 | D:6      | Reached skill level 3 in Ice Magic
  5940 | D:6      | Reached skill level 3 in Air Magic
  5940 | D:6      | Reached skill level 3 in Earth Magic
  5940 | D:6      | Reached skill level 3 in Poison Magic
  5943 | D:6      | HP: 35/73 [orc wizard/magic dart (4)]
  5948 | D:6      | HP: 35/73 [poisoned by a scorpion]
  6132 | D:6      | Reached skill level 6 in Dodging
  6132 | D:6      | Reached XP level 9. HP: 66/66 MP: 11/18
  6287 | D:6      | Reached ** piety under Cheibriados
  6287 | D:6      | Reached skill level 5 in Transmutations
  6350 | D:6      | Found an iron altar of Okawaru.
  6729 | D:7      | Found a shadowy altar of Dithmenos.
  6946 | D:7      | Reached skill level 4 in Short Blades
  6946 | D:7      | Reached skill level 4 in Long Blades
  6946 | D:7      | Reached skill level 4 in Axes
  6946 | D:7      | Reached skill level 4 in Maces & Flails
  6946 | D:7      | Reached skill level 4 in Polearms
  6946 | D:7      | Reached skill level 4 in Staves
  6946 | D:7      | Reached skill level 4 in Slings
  6946 | D:7      | Reached skill level 4 in Bows
  6946 | D:7      | Reached skill level 4 in Crossbows
  6946 | D:7      | Reached skill level 4 in Throwing
  6946 | D:7      | Reached skill level 4 in Armour
  6946 | D:7      | Reached skill level 4 in Stealth
  6946 | D:7      | Reached skill level 4 in Shields
  6946 | D:7      | Reached skill level 4 in Evocations
  7376 | D:7      | Reached skill level 5 in Fighting
  8461 | D:8      | Noticed a hornet
  8513 | D:8      | Reached *** piety under Cheibriados
  8542 | D:8      | Reached skill level 8 in Unarmed Combat
  8678 | D:8      | Found a sacrificial altar of Ru.
  8689 | D:8      | Reached skill level 5 in Invocations
  9158 | D:8      | Reached XP level 10. HP: 74/74 MP: 16/20
  9166 | D:8      | Reached skill level 7 in Spellcasting
  9166 | D:8      | Reached skill level 4 in Conjurations
  9166 | D:8      | Reached skill level 4 in Hexes
  9166 | D:8      | Reached skill level 4 in Charms
  9166 | D:8      | Reached skill level 4 in Summonings
  9166 | D:8      | Reached skill level 4 in Necromancy
  9166 | D:8      | Reached skill level 4 in Translocations
  9166 | D:8      | Reached skill level 4 in Fire Magic
  9166 | D:8      | Reached skill level 4 in Ice Magic
  9166 | D:8      | Reached skill level 4 in Air Magic
  9166 | D:8      | Reached skill level 4 in Earth Magic
  9166 | D:8      | Reached skill level 4 in Poison Magic
  9214 | D:9      | Was placed under penance by Cheibriados
  9218 | D:9      | Was forgiven by Cheibriados
  9591 | D:9      | Reached skill level 5 in Short Blades
  9591 | D:9      | Reached skill level 5 in Long Blades
  9591 | D:9      | Reached skill level 5 in Axes
  9591 | D:9      | Reached skill level 5 in Maces & Flails
  9591 | D:9      | Reached skill level 5 in Polearms
  9591 | D:9      | Reached skill level 5 in Staves
  9591 | D:9      | Reached skill level 5 in Slings
  9591 | D:9      | Reached skill level 5 in Bows
  9591 | D:9      | Reached skill level 5 in Crossbows
  9591 | D:9      | Reached skill level 5 in Throwing
  9591 | D:9      | Reached skill level 5 in Armour
  9591 | D:9      | Reached skill level 5 in Stealth
  9591 | D:9      | Reached skill level 5 in Shields
  9591 | D:9      | Reached skill level 5 in Evocations
  9602 | D:9      | Found Pofenewe's Food Shoppe.
  9856 | D:9      | Reached **** piety under Cheibriados
  9940 | D:9      | Found a staircase to the Lair.
  9958 | Lair:1   | Entered Level 1 of the Lair of Beasts
  9983 | Lair:1   | Reached skill level 7 in Dodging
 10278 | Lair:1   | Noticed a black mamba
 10284 | Lair:1   | Killed a black mamba
 10284 | Lair:1   | Reached skill level 6 in Fighting
 10295 | Lair:1   | Noticed a five-headed hydra
 10307 | Lair:1   | HP: 40/91 [five-headed hydra (14)]
 10316 | Lair:1   | Killed a five-headed hydra
 10316 | Lair:1   | Reached skill level 6 in Transmutations
 10316 | Lair:1   | Reached skill level 6 in Invocations
 10474 | Lair:1   | HP: 35/76 [wolf (5)]
 10568 | Lair:1   | Noticed a spiny frog
 10697 | Lair:1   | Reached XP level 11. HP: 74/82 MP: 20/22
 10703 | Lair:1   | HP: 39/98 [yak (15)]
 10703 | Lair:1   | HP: 17/98 [yak (5)]
 10708 | Lair:1   | HP: 13/99 [poisoned by a spiny frog]
 10713 | Lair:1   | HP: 6/99 [poisoned by a spiny frog]
 10718 | Lair:1   | HP: 5/99 [poisoned by a spiny frog]
 10723 | Lair:1   | HP: 4/99 [poisoned by a spiny frog]
 10730 | Lair:1   | HP: 4/99 [poisoned by a spiny frog]
 10738 | Lair:1   | HP: 4/99 [poisoned by a spiny frog]
 10744 | Lair:1   | HP: 4/99 [poisoned by a spiny frog]
 10750 | Lair:1   | HP: 5/99 [poisoned by a spiny frog]
 10756 | Lair:1   | HP: 4/83 [poisoned by a spiny frog]
 11203 | Lair:1   | Reached skill level 9 in Unarmed Combat
 11205 | Lair:1   | HP: 43/99 [yak (12)]
 11207 | Lair:1   | Reached skill level 6 in Short Blades
 11207 | Lair:1   | Reached skill level 6 in Long Blades
 11207 | Lair:1   | Reached skill level 6 in Axes
 11207 | Lair:1   | Reached skill level 6 in Maces & Flails
 11207 | Lair:1   | Reached skill level 6 in Polearms
 11207 | Lair:1   | Reached skill level 6 in Staves
 11207 | Lair:1   | Reached skill level 6 in Slings
 11207 | Lair:1   | Reached skill level 6 in Bows
 11207 | Lair:1   | Reached skill level 6 in Crossbows
 11207 | Lair:1   | Reached skill level 6 in Throwing
 11207 | Lair:1   | Reached skill level 6 in Armour
 11207 | Lair:1   | Reached skill level 6 in Stealth
 11207 | Lair:1   | Reached skill level 6 in Shields
 11207 | Lair:1   | Reached skill level 6 in Evocations
 11211 | Lair:1   | Reached skill level 5 in Conjurations
 11211 | Lair:1   | Reached skill level 5 in Hexes
 11211 | Lair:1   | Reached skill level 5 in Charms
 11211 | Lair:1   | Reached skill level 5 in Summonings
 11211 | Lair:1   | Reached skill level 5 in Necromancy
 11211 | Lair:1   | Reached skill level 5 in Translocations
 11211 | Lair:1   | Reached skill level 5 in Fire Magic
 11211 | Lair:1   | Reached skill level 5 in Ice Magic
 11211 | Lair:1   | Reached skill level 5 in Air Magic
 11211 | Lair:1   | Reached skill level 5 in Earth Magic
 11211 | Lair:1   | Reached skill level 5 in Poison Magic
 11212 | Lair:1   | HP: 29/99 [komodo dragon (9)]
 11214 | Lair:1   | Slain by a komodo dragon

Vanquished Creatures
  A hydra (Lair:1)
  A black mamba (Lair:1)
  A spiny frog (Lair:1)
  2 hornets
  A hippogriff (Lair:1)
  11 yaks (Lair:1)
  A basilisk (Lair:1)
  A porcupine (Lair:1)
  A water moccasin (Lair:1)
  2 orc warriors
  2 black bears
  3 phantoms
  A sky beast (D:6)
  3 wolves (Lair:1)
  3 necrophages
  8 ogres
  4 centaurs
  2 big kobolds
  2 crocodiles (Lair:1)
  The ghost of Fingolfin the Caller, an amateur DESu (D:4)
  7 bullfrogs
  3 killer bees (D:9)
  A scorpion (D:6)
  3 crimson imps
  8 hounds
  3 jellies
  2 orc priests
  3 iguanas
  A bullfrog skeleton (D:7)
  8 worker ants
  7 orc wizards
  2 hound zombies
  7 adders
  A howler monkey skeleton (D:4)
  4 gnolls (D:6)
  A shadow imp (D:7)
  An ooze (D:3)
  An adder zombie (D:6)
  2 dart slugs (D:3)
  4 leopard geckos
  29 orcs
  5 ball pythons
  10 bats
  7 giant cockroaches
  9 goblins
  5 hobgoblins
  6 jackals
  7 frilled lizards
  12 kobolds
  A leopard gecko skeleton (D:7)
  15 rats
226 creatures vanquished.

Vanquished Creatures (collateral kills)
  A worm (D:2)
  A hobgoblin (D:2)
2 creatures vanquished.

Vanquished Creatures (others)
  An orc (D:6)
  A fungus (Lair:1)
2 creatures vanquished.

Grand Total: 230 creatures vanquished
